Map: Eternal Empire LE

Players

TLHarstem (Harstem) - Winner!

  • Race: Protoss Protoss
  • League: Master
  • Spawn Location: 7:00

Couguar

  • Race: Protoss Protoss
  • League: Grandmaster
  • Spawn Location: 1:00

Event: DreamHack SC2 Masters 2020 Fall

VOD

Have the link to the VOD?

Description

Time

  • Played on: Sept. 2, 2020, 12:27 p.m.
  • Length: 20:39

All games in this series

Show
View Real Time Build Order
Export as new Build Order

TLHarstem Protoss - Winner!

Build Orders: Phoenix Opening 

Get SALT Encoding   

  12  0:00  Probe  
  13  0:12  Probe  
  14  0:17  Pylon  
  14  0:24  Probe (Chrono Boost)  
  15  0:36  Probe (Chrono Boost)  
  15  0:38  Gateway  
  16  0:44  Probe (Chrono Boost)  
  17  0:51  Probe  
  17  0:53  Assimilator  
  18  1:03  Probe (Chrono Boost)  
  19  1:04  Assimilator  
  19  1:15  Probe (Chrono Boost)  
  19  1:16  Gateway  
  20  1:20  Probe (Chrono Boost)  
  20  1:25  Cybernetics Core  
  21  1:29  Probe  
  22  1:41  Probe  
  22  1:42  Pylon  
  23  2:00  Probe  
  24  2:01  Stalker  
  24  2:02  Warp Gate  
  24  2:03  Stalker  
  28  2:08  Pylon  
  28  2:12  Probe  
  29  2:32  Sentry  
  29  2:33  Sentry  
  33  2:47  Nexus  
  33  2:48  Probe  
  34  2:54  Pylon  
  34  3:04  Sentry, Stalker  
  34  3:05  Phoenix  
  38  3:06  Probe (Chrono Boost)  
  38  3:18  Probe (Chrono Boost)  
  38  3:19  Twilight Council  
  39  3:27  Probe (Chrono Boost)  
  40  3:32  Probe  
  41  3:45  Probe  
  41  3:48  Phoenix  
  42  3:49  Forge  
  42  3:52  Stalker  
  44  3:57  Probe (Chrono Boost)  
  44  4:01  Probe (Chrono Boost)  
  46  4:05  Blink (Chrono Boost)  
  46  4:08  Probe (Chrono Boost)  
  48  4:10  Probe (Chrono Boost)  
  48  4:13  Probe (Chrono Boost)  
  48  4:15  Probe (Chrono Boost)  
  50  4:18  Protoss Ground Weapons Level 1 (Chrono Boost)  
  51  4:26  Probe (Chrono Boost)  
  51  4:29  Probe (Chrono Boost)  
  52  4:33  Probe (Chrono Boost)  
  52  4:37  Probe (Chrono Boost)  
  54  4:41  Phoenix, Nexus, Probe  
  55  4:48  Probe  
  55  4:50  Pylon  
  55  4:52  Robotics Facility  
  56  4:55  Probe  
  56  4:58  Assimilator  
  57  5:00  Probe  
  58  5:07  Gateway  
  58  5:08  Probe  
  58  5:10  Gateway  
  58  5:13  Probe  
  60  5:20  Probe  
  61  5:25  Probe, Stalker x2  
  61  5:27  Phoenix  
  66  5:31  Shield Battery  
  66  5:32  Probe  
  67  5:37  Probe  
  67  5:40  Pylon  
  68  5:44  Observer, Probe  
  70  5:52  Pylon  
  70  5:53  Probe  
  70  5:54  Probe  
  70  5:55  Stalker  
  70  5:56  Probe, Stalker  
  77  6:02  Charge  
  77  6:05  Probe  
  77  6:06  Probe  
  77  6:08  Stalker x2  
  84  6:11  Probe  
  84  6:15  Observer  
  84  6:17  Probe  
  85  6:21  Stalker x2  
  91  6:26  Photon Cannon, Pylon  
  89  6:32  Gateway  
  89  6:33  Probe  
  89  6:34  Gateway  
  89  6:36  Stalker x2  
  89  6:38  Protoss Ground Weapons Level 2 (Chrono Boost)  
  94  6:42  Probe  
  94  6:43  Probe  
  94  6:45  Pylon  
  96  6:50  Stalker  
  96  6:52  Gateway  
  98  6:58  Gateway  
  98  6:59  Warp Prism (Chrono Boost)  
  100  7:12  Stalker  
  102  7:16  Probe  
  102  7:17  Nexus  
  102  7:18  Pylon  
  102  7:20  Stalker  
  102  7:21  Stalker  
  107  7:28  Stalker x2  
  111  7:34  Pylon  
  111  7:37  Photon Cannon  
  111  7:38  Probe  
  111  7:39  Probe x2  
  111  7:40  Pylon  
  114  7:45  Photon Cannon  
  114  7:48  Zealot x2  
  114  7:50  Zealot, Probe  
  114  7:51  Probe  
  122  7:52  Probe  
  122  7:58  Zealot x3  
  129  8:02  Zealot  
  129  8:03  Zealot  
  133  8:09  Zealot x2  
  133  8:14  Probe  
  133  8:25  Observer  
  127  8:28  Probe  
  127  8:32  Zealot x5  
  127  8:33  Zealot x3  
  140  8:36  Probe  
  140  8:39  Archon  
  141  8:42  Photon Cannon  
  141  8:43  Photon Cannon  
  141  8:44  Probe  
  132  9:02  Stalker x7  
  140  9:07  Probe  
  137  9:10  Probe  
  130  9:19  Protoss Ground Weapons Level 3 (Chrono Boost)  
  122  9:24  Zealot  
  122  9:26  Probe  
  122  9:27  Zealot x7  
  122  9:30  Unknown  
  138  9:32  Shield Battery  
  125  9:49  Stalker x8  
  135  10:02  Forge  
  135  10:09  Nexus  
  135  10:10  Gateway  
  135  10:11  Pylon  
  135  10:12  Probe  
  136  10:14  Gateway  
  132  10:23  Observer (Chrono Boost)  
  122  10:28  Zealot x6  
  122  10:29  Zealot x2  
  122  10:31  Templar Archives  
  122  10:35  Assimilator  
  139  10:37  Assimilator x2  
  139  10:40  Photon Cannon  
  139  10:42  Probe (Chrono Boost)  
  142  10:43  Warp Prism (Chrono Boost)  
  142  10:45  Probe (Chrono Boost)  
  144  10:50  Probe (Chrono Boost)  
  144  10:51  Probe (Chrono Boost)  
  144  10:52  Shield Battery  
  144  10:53  Probe (Chrono Boost)  
  144  10:54  Zealot x2, Sentry  
  144  10:56  Probe (Chrono Boost)  
  152  10:58  Protoss Shields Level 1 (Chrono Boost)  
  152  11:06  Probe  
  152  11:07  Probe  
  152  11:10  Zealot x2  
  152  11:11  Zealot, Shield Battery  
  158  11:13  Zealot  
  158  11:16  Shield Battery  
  162  11:21  High Templar  
  162  11:22  High Templar x3  
  162  11:23  High Templar x2  
  172  11:27  Archon x3  
  172  11:31  Zealot  
  172  11:32  Zealot x2  
  178  11:35  Pylon  
  178  11:39  Gateway  
  178  11:40  Dark Shrine  
  178  11:41  Gateway  
  174  11:52  Zealot x4, Observer (Chrono Boost)  
  153  12:04  High Templar  
  153  12:05  Zealot x2, High Templar x3  
  164  12:09  Observer (Chrono Boost)  
  164  12:11  Protoss Ground Armor Level 1 (Chrono Boost)  
  164  12:13  Assimilator  
  164  12:14  Probe x4  
  166  12:17  Archon  
  166  12:18  Archon  
  166  12:19  Assimilator  
  166  12:20  Warp Prism (Chrono Boost)  
  169  12:22  Pylon  
  169  12:25  High Templar, Photon Cannon  
  169  12:26  Zealot x2, High Templar  
  169  12:27  Photon Cannon  
  176  12:30  Archon, Pylon  
  176  12:35  Zealot x3  
  182  12:37  High Templar  
  182  12:38  High Templar  
  182  12:40  Zealot x2  
  190  12:49  Robotics Facility  
  190  12:51  Robotics Bay  
  190  12:52  Archon  
  190  12:56  Zealot  
  190  12:57  Zealot x4  
  200  13:03  Protoss Shields Level 2  
  192  13:13  Probe  
  191  13:26  Zealot x8  
  190  13:50  Disruptor x2 (Chrono Boost)  
  183  14:01  Stalker x7  
  183  14:02  Gravitic Boosters (Chrono Boost), Stalker x5  
  177  14:15  Photon Cannon  
  177  14:16  Disruptor (Chrono Boost), Stargate  
  181  14:18  Pylon  
  181  14:20  Disruptor (Chrono Boost)  
  181  14:27  Zealot  
  183  14:34  Zealot x8  
  199  14:41  Photon Cannon  
  199  14:43  Photon Cannon  
  200  14:53  Shield Battery  
  200  14:55  Disruptor (Chrono Boost), Pylon  
  199  15:04  Nexus  
  199  15:05  Pylon  
  199  15:10  Probe  
  199  15:11  Pylon  
  199  15:13  Pylon  
  181  15:36  Disruptor  
  181  15:40  Dark Templar  
  181  15:41  Dark Templar  
  180  15:43  Zealot x7  
  180  15:44  Zealot x3  
  188  15:50  Disruptor (Chrono Boost)  
  188  15:52  Protoss Shields Level 3, Protoss Ground Armor Level 2  
  188  15:55  Fleet Beacon  
  188  15:57  Stargate  
  187  16:01  Stargate  
  187  16:07  Protoss Air Weapons Level 1 (Chrono Boost)  
  172  16:23  Disruptor (Chrono Boost)  
  156  16:28  Disruptor (Chrono Boost)  
  153  16:35  Stalker x2  
  153  16:36  Stalker x10  
  160  16:52  Disruptor (Chrono Boost)  
  159  17:01  Stalker x8  
  154  17:02  Disruptor (Chrono Boost), Stalker  
  154  17:06  Dark Templar  
  143  17:15  Templar Archives  
  143  17:17  Sentry x2  
  143  17:22  Photon Cannon  
  147  17:25  Disruptor (Chrono Boost), Zealot x2  
  147  17:26  Zealot  
  156  17:31  Photon Cannon  
  156  17:35  Observer (Chrono Boost)  
  154  17:40  Stalker x5  
  163  17:49  Shield Battery  
  163  17:50  High Templar x2  
  163  17:51  High Templar x2  
  167  17:57  Archon  
  167  17:58  Archon  
  167  18:01  Unknown, Probe  
  168  18:07  Disruptor  
  165  18:32  Disruptor  
  144  18:43  Stalker x10  
  144  18:44  Stalker x2  
  142  19:07  Zealot x7  
  142  19:08  Zealot x4  
  158  19:15  Observer  
  155  19:20  Stalker  
  155  19:22  Observer  
  158  19:25  Probe x5  
  158  19:26  Probe  
  164  19:32  High Templar x3  
  164  19:33  High Templar  
  164  19:34  Zealot x7  
  164  19:37  Probe  
  164  19:38  Archon  
  187  19:40  Archon  
  175  19:57  Stalker x2  
  175  19:58  Stalker x6  
  183  20:08  Observer  
  179  20:23  Zealot x6  
  179  20:24  Zealot x4  
Show
View Real Time Build Order
Export as new Build Order

Couguar Protoss 

Build Orders:  

Get SALT Encoding   

  12  0:01  Probe  
  13  0:13  Probe  
  14  0:17  Pylon  
  14  0:25  Probe (Chrono Boost)  
  15  0:37  Gateway, Probe (Chrono Boost)  
  16  0:44  Probe (Chrono Boost)  
  16  0:46  Assimilator  
  17  0:51  Probe  
  17  0:55  Assimilator  
  18  1:03  Probe (Chrono Boost)  
  19  1:12  Gateway  
  19  1:13  Probe (Chrono Boost)  
  20  1:18  Probe (Chrono Boost)  
  21  1:25  Cybernetics Core  
  21  1:30  Probe  
  22  1:37  Pylon  
  22  1:42  Probe  
  23  1:55  Probe  
  24  2:02  Warp Gate, Adept x2  
  24  2:07  Probe  
  29  2:13  Pylon  
  29  2:19  Probe  
  30  2:32  Adept x2  
  34  2:38  Probe  
  35  2:52  Nexus  
  35  2:57  Pylon  
  35  3:04  Sentry x2  
  39  3:13  Shield Battery  
  39  3:15  Probe (Chrono Boost)  
  40  3:23  Shield Battery  
  40  3:26  Probe (Chrono Boost)  
  41  3:29  Twilight Council  
  41  3:33  Probe  
  42  3:41  Forge  
  42  3:45  Probe (Chrono Boost)  
  43  3:53  Stalker  
  46  3:57  Probe (Chrono Boost)  
  46  4:00  Pylon  
  46  4:03  Sentry  
  46  4:08  Probe  
  49  4:10  Probe (Chrono Boost)  
  49  4:16  Blink  
  50  4:21  Probe (Chrono Boost)  
  50  4:22  Probe (Chrono Boost)  
  50  4:23  Protoss Ground Weapons Level 1  
  52  4:32  Robotics Facility, Probe (Chrono Boost)  
  52  4:33  Probe (Chrono Boost)  
  54  4:42  Probe  
  54  4:43  Assimilator, Probe  
  56  4:51  Stalker  
  56  4:52  Stalker  
  60  4:54  Probe  
  60  4:56  Pylon  
  60  4:58  Probe  
  62  5:05  Gateway  
  62  5:06  Probe  
  63  5:09  Gateway  
  63  5:12  Probe  
  64  5:18  Probe  
  65  5:27  Nexus  
  66  5:28  Probe (Chrono Boost)  
  66  5:32  Probe (Chrono Boost)  
  67  5:37  Observer  
  67  5:40  Probe (Chrono Boost)  
  70  5:44  Probe (Chrono Boost)  
  70  5:46  Stalker x2  
  70  5:47  Probe (Chrono Boost)  
  70  5:48  Probe (Chrono Boost)  
  75  5:50  Pylon  
  76  5:57  Dark Shrine  
  76  5:58  Probe  
  76  6:02  Probe  
  78  6:08  Warp Prism  
  78  6:10  Probe  
  81  6:12  Gateway  
  81  6:19  Probe (Chrono Boost)  
  81  6:20  Gateway  
  82  6:27  Probe (Chrono Boost)  
  82  6:30  Photon Cannon  
  82  6:31  Probe (Chrono Boost), Photon Cannon  
  84  6:34  Protoss Ground Weapons Level 2  
  84  6:39  Charge  
  85  6:41  Probe x2 (Chrono Boost)  
  85  6:42  Probe  
  87  6:49  Stalker  
  87  6:52  Probe  
  90  7:01  Stalker x3  
  90  7:05  Shield Battery  
  90  7:07  Shield Battery  
  96  7:16  Dark Templar  
  96  7:17  Dark Templar  
  96  7:19  Probe  
  96  7:21  Pylon  
  101  7:23  Pylon  
  101  7:24  Assimilator  
  101  7:25  Pylon  
  101  7:29  Assimilator  
  101  7:30  Pylon  
  101  7:32  Gateway  
  101  7:33  Pylon  
  101  7:34  Assimilator  
  101  7:37  Probe  
  101  7:41  Dark Templar x2  
  101  7:43  Dark Templar  
  106  7:45  Zealot  
  106  7:49  Probe  
  109  7:52  Probe  
  109  7:54  Gateway  
  109  7:55  Probe  
  109  7:57  Photon Cannon  
  111  8:01  Probe  
  111  8:04  Probe  
  113  8:11  Archon  
  106  8:13  Stalker x4  
  106  8:14  Stalker  
  106  8:29  Probe x2  
  106  8:30  Probe (Chrono Boost)  
  102  8:35  Stalker x2  
  102  8:39  Stalker x5  
  114  8:42  Probe (Chrono Boost)  
  114  8:47  Probe (Chrono Boost)  
  116  8:49  Nexus  
  116  8:51  Probe (Chrono Boost)  
  116  8:55  Probe (Chrono Boost)  
  116  8:57  Probe  
  112  9:02  Dark Templar  
  112  9:06  Dark Templar x2  
  112  9:07  Zealot x5  
  123  9:11  Probe x2  
  121  9:22  Nexus  
  118  9:27  Observer, Gateway  
  118  9:28  Probe  
  118  9:29  Probe x2  
  122  9:38  Archon  
  114  9:40  Zealot x8  
  122  9:51  Protoss Ground Weapons Level 3 (Chrono Boost)  
  108  10:00  Dark Templar x3  
  108  10:01  Dark Templar x2  
  108  10:05  Zealot, Pylon  
  120  10:08  Stalker  
  120  10:10  Probe  
  121  10:18  Stalker  
  119  10:26  Observer  
  119  10:28  Zealot x2  
  115  10:34  Shadow Stride (Chrono Boost), Dark Templar  
  117  10:38  Stalker  
  117  10:39  Stalker x2  
  117  10:40  Probe, Stalker  
  126  10:43  Unknown  
  126  10:45  Pylon  
  126  10:48  Zealot  
  128  10:51  Stalker x2  
  128  10:55  Robotics Bay  
  130  10:58  Zealot  
  132  11:04  Zealot x3  
  132  11:05  Zealot  
  132  11:08  Shield Battery  
  132  11:09  Zealot  
  142  11:15  Zealot  
  142  11:16  Zealot x2  
  146  11:25  Zealot x4  
  154  11:31  Dark Templar  
  155  11:35  Photon Cannon  
  155  11:36  Dark Templar  
  155  11:37  Zealot x2  
  155  11:39  Colossus (Chrono Boost)  
  159  11:40  Pylon  
  159  11:42  Pylon  
  146  11:54  Dark Templar  
  136  12:02  Dark Templar x4  
  136  12:07  Photon Cannon  
  144  12:09  Archon x4  
  144  12:17  Extended Thermal Lance (Chrono Boost)  
  144  12:20  Robotics Facility, Nexus  
  144  12:24  Observer (Chrono Boost)  
  144  12:28  Stalker x5  
  155  12:30  Shield Battery  
  155  12:32  Probe  
  155  12:33  Probe x2  
  155  12:35  Pylon  
  155  12:36  Protoss Ground Armor Level 1 (Chrono Boost)  
  158  12:40  Colossus (Chrono Boost)  
  164  12:46  Probe x2  
  166  12:56  Stalker  
  166  12:57  Stalker x3  
  172  13:01  Dark Templar x2  
  172  13:04  Sentry  
  178  13:12  Colossus (Chrono Boost)  
  184  13:20  Zealot x4, Stargate  
  184  13:22  Zealot  
  184  13:24  Archon  
  192  13:29  Photon Cannon  
  192  13:37  Zealot x4  
  200  13:41  Photon Cannon  
  196  13:50  Assimilator, Gravitic Boosters  
  196  13:51  Assimilator  
  196  13:54  Dark Templar x3  
  196  13:55  Zealot, Dark Templar  
  196  13:59  Zealot  
  196  14:00  Zealot x2  
  182  14:10  Phoenix (Chrono Boost)  
  182  14:14  Stargate  
  182  14:15  Probe (Chrono Boost)  
  182  14:16  Probe (Chrono Boost)  
  188  14:17  Probe (Chrono Boost)  
  188  14:18  Probe (Chrono Boost)  
  188  14:19  Photon Cannon  
  189  14:26  Phoenix (Chrono Boost), Probe (Chrono Boost)  
  192  14:32  Observer (Chrono Boost), Probe (Chrono Boost)  
  191  14:40  Archon  
  191  14:41  Archon  
  191  14:44  Protoss Ground Armor Level 2 (Chrono Boost)  
  191  14:47  Phoenix (Chrono Boost)  
  191  14:48  Fleet Beacon  
  191  14:51  Photon Cannon  
  193  14:56  Phoenix (Chrono Boost)  
  195  15:00  Protoss Air Weapons Level 1  
  195  15:03  Phoenix (Chrono Boost)  
  197  15:09  Archon  
  197  15:12  Phoenix (Chrono Boost)  
  197  15:21  Phoenix  
  191  15:24  Dark Templar x2  
  191  15:25  Dark Templar x7  
  194  15:33  Archon x2  
  194  15:34  Archon  
  186  15:37  Phoenix  
  174  15:46  Phoenix, Probe  
  174  15:47  Photon Cannon  
  175  15:57  Zealot  
  175  15:58  Probe  
  175  16:00  Stalker x4  
  175  16:01  Stalker x4  
  166  16:22  Dark Templar  
  166  16:25  Zealot x8  
  158  16:26  Probe  
  158  16:30  Observer x2  
  158  16:32  Probe x3  
  162  16:36  Probe  
  144  16:51  Zealot, Observer x2  
  144  16:52  Zealot x7  
  144  16:54  Carrier x2 (Chrono Boost)  
  156  17:11  Photon Cannon  
  156  17:14  Photon Cannon  
  156  17:16  Photon Cannon  
  156  17:18  Twilight Council  
  156  17:24  Disruptor x2 (Chrono Boost)  
  162  17:36  Assimilator  
  170  17:37  Mothership (Chrono Boost)  
  170  17:47  Zealot x3  
  170  17:49  Tempest x2 (Chrono Boost)  
  170  17:50  Pylon  
  174  17:56  Dark Shrine  
  184  17:59  Probe (Chrono Boost)  
  185  18:08  Probe (Chrono Boost)  
  179  18:13  Probe (Chrono Boost)  
  179  18:19  Zealot x3  
  164  18:28  Tempest x2  
  148  18:47  Disruptor x2  
  154  18:53  Zealot x5  
  154  18:54  Zealot x4  
  128  19:10  Observer  
  128  19:11  Carrier x2  
  124  19:25  Disruptor x2, Nexus  
  124  19:29  Dark Templar x2  
  134  19:33  Pylon  
  134  19:36  Pylon  
  134  19:37  Zealot  
  132  19:51  Zealot x5  
  123  20:06  Dark Templar  
  112  20:08  Dark Templar x3  
  113  20:17  Zealot x5  

Tags
 
Add a new tag
Caveats
  • Supply blocks, unpowered buildings, or Contaminate may cause inaccurate times.
  • Supply counts are checked every 10 seconds.